 Dungeon Crawl Stone Soup version 0.29-a0-615-gdeedd76f10 (webtiles) character file.

Game seed: 12533994793829838224

1600 Bruhh the Grappler (level 8, 0/67 (75) HPs)
             Began as a Troll Gladiator on June 17, 2022.
             Was a Priest of Cheibriados.
             Slain by a wight
             ... wielding a +4 halberd of freezing
              (2 damage)
             ... on level 6 of the Dungeon.
             The game lasted 00:06:33 (4266 turns).

Bruhh the Grappler (Troll Gladiator)                Turns: 4266, Time: 00:06:34

HP:   0/67 (75)     AC:  6    Str: 37    XL:     8   Next: 62%
MP:   7/7           EV:  9    Int: 10    God:    Cheibriados [***...]
Gold: 209           SH:  7    Dex: 17    Spells: 7/7 levels left

rFire   . . .      SeeInvis .     - Unarmed
rCold   . . .      Faith    +   n - +0 kite shield
rNeg    . . .      Spirit   .   y - +2 robe {Will+}
rPois   .          Reflect  .   b - +0 hat
rElec   .          Harm     .   (no cloak)
rCorr   .          Rampage  .   (gloves unavailable)
Will    +....                   (boots unavailable)
Stlth   ++........              g - amulet of faith
HPRegen 1.01/turn               v - +6 ring of strength
MPRegen 0.10/turn               (no ring)

@: heavily drained, very slow
A: large, unfitting armour, claws 3, regeneration 1, shaggy fur 1, tough skin 1
a: Renounce Religion, Bend Time, Temporal Distortion


You were on level 6 of the Dungeon.
You worshipped Cheibriados.
Cheibriados was most pleased with you.
You visited 1 branch of the dungeon, and saw 6 of its levels.

You collected 209 gold pieces.

Inventory:

Missiles
 c - 3 throwing nets (quivered)
 d - 8 large rocks
Armour
 a - a +0 robe
 b - a +0 hat (worn)
 n - a +0 kite shield (worn)
 y - a +2 robe of willpower (worn)
Jewellery
 g - an amulet of faith (around neck)
 v - a +6 ring of strength (left claw)
 z - the ring "Rooxtiaj" {Ice Drain rPois Str+3 Stlth+}
   (You found it on level 5 of the Dungeon)

   [ring of ice]

   It enhances your ice magic.
   Str:       It affects your strength (+3).
   rF:        It makes you vulnerable to fire.
   rC:        It protects you from cold.
   rPois:     It protects you from poison.
   Drain:     It drains your maximum health when unequipped.
   Stlth:     It makes you more stealthy.
Wands
 e - a wand of iceblast (19)
Scrolls
 f - 2 scrolls of amnesia {unknown}
 h - a scroll of silence {unknown}
 i - 7 scrolls of identify {unknown}
 j - 2 scrolls of blinking {unknown}
 m - 2 scrolls of teleportation {unknown}
 r - a scroll of acquirement {unknown}
 s - a scroll of enchant weapon {unknown}
 t - a scroll of immolation {unknown}
 u - a scroll of magic mapping {unknown}
 w - a scroll of fog {unknown}
Potions
 k - a potion of invisibility {unknown}
 l - 2 potions of curing
 o - a potion of might
 p - a potion of resistance {unknown}
 q - 3 potions of mutation {unknown}
 x - a potion of cancellation {unknown}
 A - a potion of haste {unknown}
 B - a potion of attraction {unknown}


   Skills:
 + Level 3.5 Fighting
 + Level 3.9 Throwing
 - Level 2.4 Dodging
 - Level 10.0 Unarmed Combat


You had 7 spell levels left.
You didn't know any spells.
Your spell library contained the following spells:

 Spells                   Type           Power      Damage    Failure   Level
 Freeze                   Ice            0%         1d3       71%         1
 Frozen Ramparts          Ice            0%         1d2       97%         3
 Ozocubu's Armour         Ice            0%         N/A       97%         3
 Hailstorm                Conj/Ice       0%         3d3       100%        4
 Metabolic Englaciation   Hex/Ice        0%         N/A       100%        5
 Dispersal                Tloc           0%         N/A       100%        6
 Simulacrum               Ice/Necr       0%         N/A       100%        6
 Disjunction              Tloc           0%         N/A       100%        8


Dungeon Overview and Level Annotations

Branches:
Dungeon (6/15)             Temple (0/1) D:4

Altars:
Cheibriados
Okawaru
Qazlal

Shops:
D:2 [:   D:6 ?


Innate Abilities, Weirdness & Mutations

You are too large for most types of armour.
You have claws for hands.
Your natural rate of healing is unusually fast.
You are covered in fur. (AC +1)
You have tough skin. (AC +1)


Message History

a +2 whip of flaming; a +0 robe A wight comes into view.
It is wielding a +0 spear.
A wight comes into view.
It is wielding a +4 halberd of freezing.
There are monsters nearby!
There are monsters nearby!
There are monsters nearby!
The wight closely misses you.
The wight hits you from afar with a +4 halberd of freezing!
You feel drained. The wight freezes you. You block the wight's attack. x2
You closely miss the wight.
The wight hits you with a +4 halberd of freezing!
The wight freezes you.
The wight hits you from afar with a +0 spear.
You scratch the wight.
The wight is moderately damaged.
The wight hits you with a +4 halberd of freezing!
You feel drained. The wight freezes you.
The wight hits you from afar with a +0 spear.
* * * LOW HITPOINT WARNING * * *
You feel drained.
* * * LOW HITPOINT WARNING * * *
The wight attacks as you move away! You block the wight's attack.
The wight hits you from afar with a +4 halberd of freezing.
* * * LOW HITPOINT WARNING * * *
The wight freezes you.
* * * LOW HITPOINT WARNING * * *
The wight hits you from afar with a +4 halberd of freezing!
* * * LOW HITPOINT WARNING * * *
You feel drained.
* * * LOW HITPOINT WARNING * * *
The wight freezes you.
* * * LOW HITPOINT WARNING * * *
It was a potion of curing.
You feel better.
The wight hits you from afar with a +4 halberd of freezing.
* * * LOW HITPOINT WARNING * * *
You feel drained.
* * * LOW HITPOINT WARNING * * *
The wight freezes you.
You die...

##### ......######
#..zz.@..#
#.#.####.# # #)#
#.# #.# ####.###
###########...!..#
#..>...........#.#
#>......(##.#..#.##


You could see 2 wights.

Vanquished Creatures
  Pikel (D:6)
  Sigmund (D:6)
  Eustachio (D:5)
  A black bear (D:4)
  A sky beast (D:6)
  A lemure (D:6)
  Blork the orc (D:5)
  A necrophage (D:5)
  A scorpion (D:4)
  2 jellies (D:4)
  Crazy Yiuf (D:2)
  A hound (D:4)
  An orc priest (D:4)
  Natasha (D:4)
  Robin (D:2)
  10 adders
  7 gnolls (D:5)
  A white imp (D:5)
  A worm (D:2)
  The ghost of Troll the Slasher, a weakling DsGl (D:3)
  4 dart slugs
  9 orcs
  7 ball pythons
  5 bats
  8 endoplasms
  3 giant cockroaches
  16 goblins
  12 hobgoblins
  6 jackals
  4 quokkas
  2 frilled lizards
  7 kobolds
  5 rats
124 creatures vanquished.

Notes
Turn   | Place    | Note
-------+----------+-------------------------------------------
     0 | D:1      | Bruhh the Troll Gladiator began the quest for the Orb.
     0 | D:1      | Reached XP level 1. HP: 19/19 MP: 0/0
   160 | D:1      | Reached XP level 2. HP: 27/27 MP: 1/1
   435 | D:1      | Reached skill level 4 in Unarmed Combat
   627 | D:2      | Noticed Robin
   637 | D:1      | Reached XP level 3. HP: 28/33 MP: 2/2
   867 | D:2      | Killed Robin
   970 | D:2      | Found Ner Sirph's Book Shop.
   995 | D:2      | Reached XP level 4. HP: 41/41 MP: 3/3
  1043 | D:2      | Reached skill level 5 in Unarmed Combat
  1198 | D:2      | Found Uryts's Armour Shop.
  1272 | D:2      | Found a runed translucent door.
  1273 | D:2      | Noticed Crazy Yiuf
  1337 | D:2      | Found a snail-covered altar of Cheibriados.
  1371 | D:2      | Became a worshipper of Cheibriados the Contemplative
  1496 | D:2      | Killed Crazy Yiuf
  1575 | D:3      | Found an iron altar of Okawaru.
  1749 | D:3      | Found a faded altar of an unknown god.
  1836 | D:3      | Reached * piety under Cheibriados
  1853 | D:3      | Reached XP level 5. HP: 48/48 MP: 4/4
  1858 | D:3      | Found a runed translucent gate.
  1858 | D:3      | Found a runed translucent gate.
  1858 | D:3      | Found a runed translucent gate.
  1863 | D:3      | Noticed Troll's ghost (weakling DsGl)
  1868 | D:3      | Killed Troll's ghost
  2140 | D:3      | Reached skill level 6 in Unarmed Combat
  2473 | D:4      | Found a snail-covered altar of Cheibriados.
  2835 | D:4      | Found a stormy altar of Qazlal.
  2929 | D:4      | Reached ** piety under Cheibriados
  2930 | D:4      | Reached skill level 7 in Unarmed Combat
  2930 | D:4      | Reached XP level 6. HP: 46/55 MP: 5/5
  3013 | D:4      | Noticed Natasha
  3025 | D:4      | Killed Natasha
  3224 | D:4      | Found a staircase to the Ecumenical Temple.
  3422 | D:4      | Reached skill level 8 in Unarmed Combat
  3501 | D:4      | Reached XP level 7. HP: 62/62 MP: 6/6
  3536 | D:5      | Entered Level 5 of the Dungeon
  3537 | D:5      | Noticed Eustachio
  3542 | D:5      | Killed Eustachio
  3690 | D:5      | Noticed Blork the orc
  3700 | D:5      | Killed Blork the orc
  3701 | D:5      | Reached skill level 9 in Unarmed Combat
  3973 | D:5      | Identified the ring "Rooxtiaj" {Ice Drain rPois Str+3
                  | Stlth+}
  3989 | D:5      | Reached *** piety under Cheibriados
  4194 | D:6      | Noticed Sigmund
  4195 | D:6      | Found Tugot's Magic Scroll Shoppe.
  4199 | D:6      | Killed Sigmund
  4200 | D:6      | Reached XP level 8. HP: 65/70 MP: 7/7
  4203 | D:6      | Reached skill level 10 in Unarmed Combat
  4240 | D:6      | Noticed Pikel
  4245 | D:6      | Killed Pikel
  4265 | D:6      | HP: 1/68 [wight/+4 halberd of freezing (3)]
  4266 | D:6      | Slain by a wight

Illustrated notes

Levels and vault maps discovered:
D:1:      erik_arrival_blinker_ship, layout_loops_ring,
          minmay_misc_feat_more_columns
D:2:      wander_river, layout_rooms, serial_shops,
          nicolae_shop_advertising_works [nicolae_subvault_shop_adworks], shop,
          basic_altar, kennysheep_pointless_box, uniq_robin,
          uniq_crazy_yiuf_cottage
D:3:      layout_basic, okawaru_ov_weapons_minmay,
          ebering_ecumenical_altar_webs, ebering_ghost_rock_garden
D:4:      black_bear_nest_1, layout_loops_corners, cheibriados_altar_2,
          general_overflow_altar, minmay_temple_entry_enclosed_plants,
          minmay_cut_off, uniq_natasha
D:5:      layout_loops_ring, uniq_eustachio, uniq_blork_the_orc
D:6:      layout_loops_cross, mainiacjoe_overflow_alcove_1, serial_shops, shop,
          nicolae_shop_trees, nicolae_shop_behind_doors,
          nicolae_shop_temple_entry_statues_fountains, nicolae_shop_crystal,
          uniq_pikel, uniq_sigmund

Skill      XL: |  1  2  3  4  5  6  7  8 |
---------------+-------------------------+-----
Unarmed Combat | 4 5 7 8 9 10 | 10.0
Fighting       | 3 |  3.5
Throwing       | 3 |  3.9
Dodging        | |  2.4

Action                   |  1- 3 |  4- 6 |  7- 9 || total
-------------------------+-------+-------+-------++-------
Melee: Unarmed           |   110 |   172 |    55 ||   337
       Punch             |     1 |       |       ||     1
  Use: Potion            |       |     3 |     1 ||     4
 Stab: Sleeping          |       |     4 |     1 ||     5
Armor: Robe              |    38 |    52 |    13 ||   103
       Skin              |       |    11 |       ||    11
Dodge: Dodged            |    50 |    57 |    17 ||   124
Block: Kite shield       |    25 |    56 |    19 ||   100

Table legend: (Time is in decaauts)
 A = Elapsed time spent in this place.
 B = Non-inter-level travel time spent in this place.
 C = Inter-level travel time spent in this place.
 D = Time resting spent in this place.
 E = Time spent auto-exploring this place.
 F = Levels seen in this place.
 G = Mean time per level.
                   A        B        C        D        E       F      G
               +--------+--------+--------+--------+--------+-----+--------+
         Total |   5344 |   5012 |    332 |    202 |   3835 |   6 |  890.7 |
       Dungeon |   5344 |   5012 |    332 |    202 |   3835 |   6 |  890.7 |
               +--------+--------+--------+--------+--------+-----+--------+

Top non-repeatable levels by time:
     D:4: 1472 daAuts
     D:3: 1178 daAuts
     D:5: 973 daAuts
     D:1: 849 daAuts
     D:2: 778 daAuts
     D:6: 92 daAuts
